[Event "Kezmarok Chess Open 2022"]
[Site "Kezmarok"]
[Date "2022.09.24"]
[Round "1.1"]
[White "Janik, Marek Tobias"]
[Black "Berezjuk, Sergej"]
[Result "0-1"]
[ECO "A20"]
[WhiteElo "1823"]
[BlackElo "2382"]
[Annotator "TA"]
[PlyCount "50"]
[EventDate "2022.09.24"]
[EventType "swiss"]
[EventCountry "SVK"]
[SourceTitle "playchess.com"]
[Source "ChessBase"]
[SourceQuality "1"]
[TimeControl "40/5400+30:1800+30"]

1. c4 e5 2. g3 c6 3. d4 e4 4. Nc3 d5 5. Bg2 Nf6 6. Bg5 {[%emt 0:04:03] A20: English Opening: 1...e5.} Nbd7 7. e3 h6 {[%emt 0:02:03] [#]} 8. Bf4 $146 {[%emt 0:06:02] The position is equal.} ({Predecessor:} 8. Bxf6 Nxf6 9. Nge2 Bd6 10. Qb3 O-O 11. cxd5 cxd5 12. O-O Bg4 13. f3 exf3 14. Bxf3 {0-1 (49) Tello Chavez,I (2270)-Sanchez Enriquez,O (2324) Mexico City 2021}) 8... Qa5 9. cxd5 (9. h4 $11 {keeps the balance.}) 9... Nxd5 $17 10. Nge2 (10. h4 $1 $15) 10... g5 $36 {[%emt 0:08:28][%mdl 2048] Black has strong initiative. Black is more active.} 11. Be5 f6 12. Bxe4 Nxc3 ({Don't do} 12... Nxe5 13. dxe5 fxe5 14. Bg6+ (14. Bxd5 cxd5 15. Qxd5 Qxd5 $14) 14... Ke7 15. O-O $16) 13. Nxc3 fxe5 14. Bg6+ Kd8 15. O-O Bb4 16. Ne4 Qd5 {[%emt 0:02:13] Against Bf7} 17. Qa4 a5 18. Rfd1 $2 {[%emt 0:03:08] [#]} (18. a3 $17 {was forced.} Be7 19. Nc3) 18... Kc7 $19 19. a3 Be7 20. Nc3 Qe6 21. Rac1 $2 (21. Qc2 exd4 22. Bf5) 21... Qxg6 {[%emt 0:01:24] Black is clearly winning.} 22. Nd5+ Kd8 23. Nxe7 Kxe7 24. dxe5 Nxe5 25. f4 Nf7 {[%emt 0:06:52] White did not feel at home in the position after the opening.  Weighted Error Value: White=0.57/Black=0.11 (very precise)} 0-1

[Event "Kezmarok Chess Open 2022"]
[Site "Kezmarok"]
[Date "2022.09.24"]
[Round "1.2"]
[White "Manik, Mikulas"]
[Black "Skapikova, Lubica"]
[Result "1-0"]
[ECO "C84"]
[WhiteElo "2362"]
[BlackElo "1823"]
[Annotator "TA"]
[PlyCount "67"]
[EventDate "2022.09.24"]
[EventType "swiss"]
[EventCountry "SVK"]
[SourceTitle "playchess.com"]
[Source "ChessBase"]
[SourceQuality "1"]
[TimeControl "40/5400+30:1800+30"]

1. e4 e5 2. Nf3 Nc6 3. Bb5 a6 4. Ba4 Nf6 5. O-O Be7 6. d3 d6 7. c3 O-O 8. Nbd2 b5 9. Bc2 Re8 {[%emt 0:00:05] C77: Ruy Lopez: 3...a6 4 Ba4 Nf6, unusual lines.} 10. Re1 Bf8 11. Nf1 g6 {[%emt 0:00:05] White has an edge.} 12. h3 Bg7 13. d4 Nh5 14. Bg5 {[%emt 0:04:17] [#]} f6 $146 ({Predecessor:} 14... Qd7 15. Qd2 Na5 16. Rad1 f6 17. Be3 Nc4 18. Bb3 Kh8 19. Bxc4 bxc4 20. g4 Nf4 21. Bxf4 exf4 22. Qxf4 {1-0 (51) Zunker,R (2048)-Goertz,H (1821) Binz 2011}) 15. Be3 Ne7 ({Better is} 15... Na5) 16. Bb3+ Kh8 17. dxe5 fxe5 (17... dxe5 $16 18. Bc5 Nc6) 18. Ng5 $18 {[%emt 0:01:04] [#] Nf7+ is the strong threat.} Rf8 19. Nf7+ Rxf7 20. Bxf7 Qf8 21. Bd5 Nxd5 22. Qxd5 ({But not} 22. exd5 Bb7) 22... Bd7 23. Qb7 Qd8 {[%emt 0:00:26] [#]} 24. Bg5 $1 Nf6 (24... Qb8 25. Qxb8+) 25. Rad1 h6 (25... Qc8 $142 26. Qxc8+ Rxc8) 26. Bxf6 Bxf6 27. Ne3 Rb8 28. Qxa6 Ra8 29. Qb7 Rxa2 $2 (29... Rb8 30. Qd5 Qe8) 30. Ra1 {[%emt 0:00:13] White is clearly winning.} Rxa1 31. Rxa1 {[%emt 0:00:03] And now Ra8 would win.} Kh7 32. Ra8 Qe7 33. Nd5 Qf7 34. Nxf6+ {[%emt 0:00:07] Weighted Error Value: White=0.08 (flawless) /Black=0.29 (precise)} 1-0

[Event "Kezmarok Chess Open 2022"]
[Site "Kezmarok"]
[Date "2022.09.24"]
[Round "1.3"]
[White "Rak, Martin"]
[Black "Jablonicky, Martin"]
[Result "1/2-1/2"]
[ECO "B28"]
[WhiteElo "1805"]
[BlackElo "2344"]
[Annotator "TA"]
[PlyCount "113"]
[EventDate "2022.09.24"]
[EventType "swiss"]
[EventCountry "SVK"]
[SourceTitle "playchess.com"]
[Source "ChessBase"]
[SourceQuality "1"]
[TimeControl "40/5400+30:1800+30"]

1. e4 c5 2. Nf3 a6 3. c4 e6 4. d4 cxd4 5. Nxd4 Nf6 6. Nc3 Qc7 7. Be2 Bb4 8. Qd3 Nc6 9. O-O {[%emt 0:01:48] is the new trend. B41: Sicilian: Kan Variation: 5 c4.} O-O 10. Nxc6 dxc6 11. Rd1 {[%emt 0:03:47] White has an edge.} e5 12. Be3 Be6 {[%emt 0:02:18] [#]} 13. Rac1 $146 ({Predecessor:} 13. f3 Nd7 14. Nd5 Qa5 15. Nxb4 Qxb4 16. a3 Qe7 17. Qd6 Qxd6 18. Rxd6 Rfe8 19. Kf2 {1-0 (43) Karousos Theodorakis,N (2153)-Loukopoulos,P (1902) Achaia 2017}) 13... Rfd8 {[%emt 0:00:44] Inhibits Nd5.} 14. Qb1 Rxd1+ 15. Nxd1 Rd8 16. Nc3 Qe7 17. Qc2 (17. a3 $11 {is superior.} Bc5 18. Nd5 cxd5 19. Bxc5 Qxc5 20. cxd5) 17... Bc5 $15 18. Nd1 h6 19. b3 Bxe3 20. Nxe3 Rd4 (20... Qb4 $15 21. Qb1 Rd2) 21. f3 $11 Qc5 22. Qc3 a5 23. Kf1 g5 24. Nc2 Rd7 25. Ne1 Nh5 26. Nd3 Qe3 27. Nxe5 Qxc3 28. Rxc3 Rd2 {[%emt 0:00:06] And now ...Nf4 would win.} 29. a4 (29. Nd3 $11) 29... Nf4 $17 30. Re3 f6 ({Black should play} 30... Rb2 $1 $17 31. h3 Nxe2 32. Rxe2 Rxb3) 31. Ng4 $15 Bxg4 32. fxg4 {[%emt 0:00:01][%mdl 4096] Endgame KRB-KRN} Kf7 (32... Rb2 $5 ) 33. g3 Nxe2 34. Rxe2 {[%emt 0:00:02] KR-KR} Rd3 35. Rb2 Ke6 36. b4 axb4 37. Rxb4 Ra3 38. c5 Ke5 39. Kg2 Rc3 40. Rxb7 Kxe4 41. a5 Rxc5 42. Rb4+ Kd5 43. Ra4 Rb5 $1 44. a6 Rb8 45. Ra5+ c5 46. a7 Ra8 47. Ra6 Ke4 ({Don't play} 47... c4 48. Kf3 $16) (47... Kc4 $11) 48. Ra3 {[%emt 0:02:16] White is more active.} (48. Ra2 $16) 48... Kd5 {[%emt 0:01:26] [#]} (48... c4 $11 {remains equal.}) 49. Kf3 $1 $16 Kc4 50. Ke4 (50. Ke3 $16) 50... Kb4 (50... Re8+ $1 $11 51. Kf3 (51. Kf5 Ra8 $11) 51... Ra8) 51. Ra1 (51. Ra6 $14) 51... c4 $11 52. Kd4 {[%emt 0:03:42] Rb1+ is the strong threat.} Kb3 $1 53. Rc1 {Strongly threatening Rc3+.} Rd8+ (53... Rxa7 $5 54. Rc3+ $8 Kb2 55. Rxc4 Ra1 $11) 54. Kc5 {[%emt 0:06:44] White threatens Rb1+ and mate.} Rc8+ ({Black should try} 54... Ra8 $1 $11 55. Rxc4 (55. Rb1+ Ka2 $11) 55... Rxa7) 55. Kd4 (55. Kd5 $1 $14 Ra8 56. Rxc4 Rxa7 57. Rc6) 55... Rd8+ 56. Kc5 ({Better is} 56. Ke4 $11 Ra8 57. Kd4) 56... Rc8+ $16 {[#]} 57. Kd4 {[%emt 0:01:56] Weighted Error Value: White=0.17 (very precise) /Black=0.14 (very precise)} (57. Kd5 $1 $16 Ra8 58. Rxc4 Rxa7 59. Rc6) 1/2-1/2

[Event "Kezmarok Chess Open 2022"]
[Site "Kezmarok"]
[Date "2022.09.24"]
[Round "1.4"]
[White "Hagarova, Zuzana"]
[Black "Sekova, Olivia"]
[Result "1-0"]
[ECO "B45"]
[WhiteElo "2287"]
[BlackElo "1797"]
[Annotator "TA"]
[PlyCount "49"]
[EventDate "2022.09.24"]
[EventType "swiss"]
[EventCountry "SVK"]
[SourceTitle "playchess.com"]
[Source "ChessBase"]
[SourceQuality "1"]
[TimeControl "40/5400+30:1800+30"]

1. e4 c5 2. Nf3 e6 3. d4 cxd4 4. Nxd4 Nc6 5. Nc3 Nf6 6. Ndb5 Bc5 7. Bf4 {[%emt 0:09:33] 7.Bf4 scores better than 7.Nd6+.} e5 {[%emt 0:21:52] B45: Sicilian Four Knights.} ({Black should try} 7... O-O $14) 8. Bg5 (8. Be3 $16 Bb4 9. a3 Bxc3+ 10. Nxc3) 8... O-O 9. Qf3 $1 Be7 {[%emt 0:15:16] White is slightly better.} ({Weaker is} 9... a6 10. Nd5 Be7 11. Nxf6+ Bxf6 12. Bxf6 Qxf6 13. Qxf6 gxf6 14. Nd6 $16) 10. Bxf6 Bxf6 11. Nd5 {[%emt 0:00:12] [#]} Bg5 $146 ({Predecessor:} 11... Be7 12. c3 d6 13. O-O-O Be6 14. Kb1 a6 15. Nbc7 Rc8 16. Nxe7+ Qxe7 17. Nd5 Qd8 {½-½ (31) Ivanov,V (2176)-Gromov,S (2241) ICCF email 2013}) 12. h4 Be7 13. c3 {[%emt 0:07:21] White is much more active. The black rooks are badly placed.} (13. Nxe7+ $16 Qxe7 14. Qa3) 13... a6 $11 14. Nxe7+ Nxe7 {[%emt 0:01:30] This costs Black the game.} (14... Qxe7 $14 15. Nc7 Rb8) 15. Nd6 $36 {[%emt 0:01:21][%mdl 2048] White is really pushing.} Qc7 (15... b5 $16 {was worth a try.} 16. h5 h6) 16. Rd1 b5 {[%emt 0:02:11] Prevents Bc4.} 17. h5 {[%emt 0:01:30] [#] aiming for h6.} h6 18. Rh3 {[%emt 0:07:10] Threatens to win with Rg3.} Bb7 19. Qg4 {[%emt 0:11:46] Against f5. Hoping for Rg3.} g5 $2 (19... f5 20. exf5 Bd5) 20. hxg6 fxg6 21. Rxh6 Rf4 22. Qh3 {[%emt 0:03:27] White mates.} Bxe4 23. Rh8+ Kg7 24. Qh7+ Kf6 25. Qf7+ {[%emt 0:00:12] Weighted Error Value: White=0.11 (very precise) /Black=0.70} 1-0

[Event "Kezmarok Chess Open 2022"]
[Site "Kezmarok"]
[Date "2022.09.24"]
[Round "1.5"]
[White "Vestur, Rastislav"]
[Black "Dubessay, Bastien"]
[Result "0-1"]
[ECO "A04"]
[WhiteElo "1789"]
[BlackElo "2259"]
[Annotator "TA"]
[PlyCount "56"]
[EventDate "2022.09.24"]
[EventType "swiss"]
[EventCountry "SVK"]
[SourceTitle "playchess.com"]
[Source "ChessBase"]
[SourceQuality "1"]
[TimeControl "40/5400+30:1800+30"]

1. Nf3 e6 2. c4 f5 3. Nc3 Nf6 4. e3 b6 5. Be2 Bb7 6. d4 Bb4 {A85: Dutch Defence: 2 c4 Nf6 3 Nc3.} 7. O-O O-O 8. Qc2 Bxc3 {White has an edge.} 9. bxc3 d6 {[#]} 10. d5 $146 ({Predecessor:} 10. a4 Nbd7 11. a5 Rb8 12. axb6 axb6 13. Rd1 Ne4 14. Nd2 Nxd2 15. Qxd2 Nf6 16. f3 {0-1 (47) Portillo Castellon,J (1877)-Paya Prats,D (1994) Benidorm 2013}) 10... exd5 11. Qxf5 Ne4 12. Qh5 Nd7 {next ...Ndf6 is good for Black.} 13. Bb2 {[#]} (13. cxd5 $11 {and White is okay.} Ndf6 14. Qh3) 13... Ndf6 $1 $19 {Pair of Knights!} 14. Qh4 Ba6 15. Nd4 Qd7 {Inhibits Ne6.} ({Much weaker is} 15... Bxc4 $6 16. Bxc4 dxc4 17. Ne6 $14) ({Black should play} 15... Qe8 16. Nb5 Rf7) 16. cxd5 $2 (16. f3 $17 {is more resistant.} Nc5 17. Nc2) 16... Bxe2 ({But not} 16... g5 $2 17. Qxe4 Nxe4 18. Bxa6 $19) 17. Nxe2 Qb5 18. Nd4 Qxb2 19. Ne6 Rf7 20. c4 h6 21. f3 Nc5 22. Nd4 Re8 23. Nf5 {[#]} Nxd5 $1 24. Nxh6+ gxh6 25. cxd5 Qf6 26. Qf2 (26. Qxf6 {was the only defense.} Rxf6 27. e4) 26... Qg5 {Black is clearly winning.} 27. f4 Qxd5 28. Qh4 Rg7 {Weighted Error Value: White=0.68/Black=0.22 (precise)} 0-1

[Event "Kezmarok Chess Open 2022"]
[Site "Kezmarok"]
[Date "2022.09.24"]
[Round "1.6"]
[White "Bazakutsa, Svyatoslav"]
[Black "Fizerova, Lucie"]
[Result "1-0"]
[ECO "A30"]
[WhiteElo "2182"]
[BlackElo "1779"]
[Annotator "TA"]
[PlyCount "55"]
[EventDate "2022.09.24"]
[EventType "swiss"]
[EventCountry "SVK"]
[SourceTitle "playchess.com"]
[Source "ChessBase"]
[SourceQuality "1"]
[TimeControl "40/5400+30:1800+30"]

1. c4 c5 2. Nf3 Nf6 3. Nc3 g6 4. e4 d6 5. d4 cxd4 6. Nxd4 Bg7 7. Be2 Nc6 8. Be3 O-O 9. O-O Bd7 10. h3 a6 11. a3 {B38: Sicilian: Maroczy Bind with 5...Bg7 and 7...0-0.} Rc8 12. Rc1 (12. Nf3 $14) 12... Ne8 {[#]} ({Black should play} 12... Nxd4 $1 $11 13. Bxd4 (13. Qxd4 Ng4 $11) 13... Bh6) 13. b4 $146 {[%cal Bb2b4,Bb4b5][%mdl 32] White is more active. White is slightly better.} ({Predecessor:} 13. Nd5 Nf6 14. Nxc6 Bxc6 15. Nb6 Rb8 16. f3 Nd7 17. Qb3 Nxb6 18. Bxb6 Qc8 19. Rfd1 {½-½ (63) Dzunic,V (2103)-Branovacki,G (1924) Belgrade 2009}) 13... Nc7 {Black is now going downhill.} (13... Nxd4 $14 14. Bxd4 Nf6) 14. Nb3 $16 f5 15. exf5 Bxf5 16. Qd2 Rf7 17. Rfd1 Qf8 18. b5 Ne5 19. f4 Nd7 20. Bf3 axb5 21. Nxb5 Nxb5 (21... b6 $16) 22. cxb5 $18 Nf6 (22... b6 $142 23. a4 Re8) 23. Bxb7 Rb8 24. Bc6 Ne4 25. Qb4 Ng3 26. Qe1 {Prevents Ne2+.} ({Not} 26. Kf2 Nh5 27. Nd4 (27. g4 Nxf4 28. gxf5 Rxf5 $14) 27... e5 $18) 26... Ne4 (26... Nh5 $142 27. g4 Nxf4) 27. Ba7 Ra8 28. b6 {Weighted Error Value: White=0.09 (flawless) /Black=0.58} 1-0

[Event "Kezmarok Chess Open 2022"]
[Site "Kezmarok"]
[Date "2022.09.24"]
[Round "1.7"]
[White "Hagara, Eduard"]
[Black "Wisniewski, Michal"]
[Result "1/2-1/2"]
[ECO "A00"]
[WhiteElo "1734"]
[BlackElo "2152"]
[Annotator "TA"]
[PlyCount "102"]
[EventDate "2022.09.24"]
[EventType "swiss"]
[EventCountry "SVK"]
[SourceTitle "playchess.com"]
[Source "ChessBase"]
[SourceQuality "1"]
[TimeControl "40/5400+30:1800+30"]

1. a3 g6 2. b4 Bg7 3. Nc3 {[%emt 0:00:18] [#]} a5 $146 ({Predecessor:} 3... d5 4. Bb2 e5 5. e4 d4 6. Nce2 c5 7. d3 b6 8. g3 Nc6 9. b5 Nce7 10. Bg2 {0-1 (43) Bieszk,S (826)-Vlasov,A (1190) LSS email 2021}) 4. Bb2 d5 5. e3 e5 6. d4 {[%emt 0:01:50] A00: Irregular Openings.} exd4 7. exd4 Ne7 8. Nce2 (8. b5 $15) 8... O-O $19 9. Nf3 Qd6 {[%emt 0:05:20] Against Nf4} ({Better is} 9... Nf5 $19 {Threatens to win with ...Re8.} 10. g3 Qe7) 10. c3 Re8 11. Ng3 Nf5+ 12. Be2 Nxg3 13. hxg3 Qe7 14. Kf1 Bg4 15. Qd2 axb4 16. cxb4 Nd7 17. Re1 Qd6 18. Qf4 Qxf4 19. gxf4 Re4 20. Ne5 Bxe2+ 21. Rxe2 Nb6 22. Rxe4 dxe4 23. Ke2 {[%emt 0:01:08] [#]} f6 $1 24. Ng4 Nc4 25. Bc1 (25. Rb1 $142) 25... Nxa3 $17 26. Bxa3 Rxa3 {[%emt 0:00:05][%mdl 4096] Endgame KRB-KRN} 27. Rc1 c6 (27... Ra2+ $19 28. Kf1 f5) 28. b5 $1 $11 h5 29. bxc6 bxc6 30. Ne3 Rd3 31. f5 g5 32. Rc4 g4 33. Nc2 Bh6 34. Rxc6 Bg5 {[%emt 0:00:23] [#] Strongly threatening ...Rd2+.} 35. g3 Rf3 {[%emt 0:01:22] And now ...h4 would win.} 36. Re6 Rxf5 {[%emt 0:00:18] ...h4 is the strong threat.} 37. Rxe4 Kf7 38. Ne3 Ra5 39. f4 gxf3+ 40. Kxf3 f5 41. Re5 Rxe5 42. dxe5 Ke6 43. Nxf5 Kxf5 {[%emt 0:00:21] KB-KPP. Black is clearly better.} 44. Kg2 Kg4 45. e6 Be7 46. Kh2 Bc5 47. Kg2 Bd6 48. Kh1 Kh3 49. Kg1 Be7 50. Kh1 Bc5 51. e7 Bxe7 {[%emt 0:00:08] Weighted Error Value: White=0.16 (very precise) /Black=0.14 (very precise)} 1/2-1/2

[Event "Kezmarok Chess Open 2022"]
[Site "Kezmarok"]
[Date "2022.09.24"]
[Round "1.8"]
[White "Kovac, Lubomir"]
[Black "Straka, Simon"]
[Result "1/2-1/2"]
[ECO "D58"]
[WhiteElo "2091"]
[BlackElo "1732"]
[Annotator "TA"]
[PlyCount "110"]
[EventDate "2022.09.24"]
[EventType "swiss"]
[EventCountry "SVK"]
[SourceTitle "playchess.com"]
[Source "ChessBase"]
[SourceQuality "1"]
[TimeControl "40/5400+30:1800+30"]

1. d4 Nf6 2. c4 e6 3. Nf3 d5 4. Nc3 Be7 5. Bg5 h6 6. Bh4 O-O 7. e3 b6 8. Bd3 Bb7 9. O-O Nbd7 10. Qe2 c5 11. Rfd1 Ne4 12. Bxe7 Qxe7 {D58: Queen's Gambit Declined: Tartakower Defence.} 13. cxd5 exd5 14. Rac1 Rfe8 {The position is equal.} 15. Bb1 {[#]} Rad8 $146 ({Predecessor:} 15... Ndf6 16. dxc5 Nxc3 17. Rxc3 bxc5 18. Qb5 Rac8 19. h3 d4 20. exd4 Bxf3 21. Rxf3 cxd4 {1-0 (60) Lenderman,A (2627)-Randolph,J Blue Ash 2015}) 16. dxc5 Ndxc5 17. Nd4 Qg5 18. b4 Nxc3 19. Rxc3 Ne4 20. Rc7 Re7 21. Rdc1 Rdd7 {[#]} 22. Rxd7 (22. Rc8+ $1 $16 Bxc8 23. Rxc8+ Kh7 24. f3) 22... Rxd7 $14 23. Qb5 Qd8 24. Bxe4 dxe4 25. Qe5 Qe7 26. Qxe7 {White has more active pieces.} Rxe7 {[%mdl 4096] Endgame KRB-KRN} 27. Kf1 g6 28. Ke1 ({White should play} 28. g4 $14) 28... Kg7 $11 29. a3 a6 30. Kd2 Rd7 31. Rc2 Bd5 32. Kc1 b5 33. Rc5 h5 34. h4 Kh6 35. Kb2 Kg7 36. Kc2 (36. a4 $5) 36... Kh6 37. Ne2 Kg7 ({Better is} 37... Bc4 $11 38. Nd4 Bd5) 38. Nf4 (38. Nc3 $1 $14 Bc4 39. Rc6) 38... Bb7 39. Kc1 Kh6 40. Rc2 Kg7 41. Rd2 Rxd2 42. Kxd2 {[#] Kc3 is the strong threat. KB-KN} Kf6 43. Kc3 {Threatens to win with Kd4.} Ke5 44. Ne2 Bc6 45. Nd4 Bd5 46. Kd2 Kf6 47. Ne2 Ke5 48. Nf4 Bc6 49. Kc3 Bd7 50. Ne2 Bc6 51. Ng1 Bb7 52. Nh3 Bd5 53. Ng5 f6 {Black is slightly better.} 54. Nh3 Bf7 55. Kd2 Kd5 {Weighted Error Value: White=0.12 (very precise) /Black=0.13 (very precise)} 1/2-1/2

[Event "Kezmarok Chess Open 2022"]
[Site "Kezmarok"]
[Date "2022.09.24"]
[Round "1.9"]
[White "Kapolkova, Greta"]
[Black "Demeter, Peter"]
[Result "0-1"]
[ECO "B72"]
[WhiteElo "1723"]
[BlackElo "2067"]
[Annotator "TA"]
[PlyCount "118"]
[EventDate "2022.09.24"]
[EventType "swiss"]
[EventCountry "SVK"]
[SourceTitle "playchess.com"]
[Source "ChessBase"]
[SourceQuality "1"]
[TimeControl "40/5400+30:1800+30"]

1. e4 c5 2. Nf3 d6 3. d4 cxd4 4. Nxd4 Nf6 5. Nc3 g6 6. Be3 Bg7 7. Be2 O-O 8. Qd2 Nc6 9. f3 Nxd4 10. Bxd4 Be6 11. g4 Qa5 {B76: Sicilian Dragon: Yugoslav Attack, 9 g4 and 9 0-0-0.} 12. h4 Rfc8 13. g5 ({Better is} 13. a3 $14) 13... Nh5 $11 {The position is equal.} 14. Bxg7 Kxg7 15. f4 (15. Bd3 $11 {should be considered.}) 15... Ng3 {Black is more active.} (15... Qb4 $1 $15 16. O-O-O Rxc3) 16. Rg1 Nxe2 17. Nxe2 {[#]} Qc5 $146 ({Predecessor:} 17... Qxd2+ 18. Kxd2 Rc4 19. Ng3 Rac8 20. c3 b5 21. a3 a5 22. h5 b4 23. h6+ Kf8 24. axb4 axb4 25. Rac1 bxc3+ 26. Rxc3 Rxc3 27. bxc3 Bd7 {½-½ (27) Payet,J (1893)-Moret,V (2175) St Denis 2014}) 18. Qd4+ (18. h5 $5) 18... Qxd4 19. Nxd4 Rc4 20. c3 Bd7 {[#] Strongly threatening ...e5.} 21. Kd2 Rac8 22. Ke3 e5 23. Nf3 Bc6 24. Nd2 exf4+ 25. Kxf4 Rc5 26. Rge1 Re8 27. Re3 h6 28. b4 Rce5 29. Rae1 hxg5+ 30. hxg5 d5 31. exd5 Rf5+ 32. Kg4 Rxe3 33. Rxe3 Bxd5 {[%mdl 4096] Endgame KRB-KRN} 34. Ne4 (34. a4 $11) 34... Bxa2 (34... Be6 $17) 35. Nd6 Rf1 36. Ne8+ Kf8 {[#] aiming for ...Be6+.} 37. Nc7 {Inhibits Be6+.} Bb1 38. Nd5 (38. Re8+ $11 {keeps the balance.} Kg7 39. Rb8) 38... Bf5+ $17 39. Kg3 Rg1+ 40. Kf4 (40. Kf2 $17 {is a better defense.} Rc1 41. Nf4) 40... Rg4+ $19 41. Ke5 Kg7 (41... Rxg5 $19 {...Be6+ is the strong threat.} 42. Kd6 Bb1) 42. Kd6 (42. Nf6 $17 Rxg5 43. Ne8+ Kg8 44. Kf6) 42... Rxg5 43. Re7 b5 44. Rxa7 Be6 45. Nc7 (45. c4 $142) 45... Bc4 $17 46. Ne8+ Kh6 ({Black should play} 46... Kf8 $17 {And now ...Rd5+ would win.} 47. Nf6 Rg3) 47. Nf6 {Inhibits Rd5+.} (47. Kc6 $1 $11) 47... Rg3 $19 48. Ne4 $2 (48. Ra3) 48... Rd3+ 49. Ke5 f5 50. Nd6 Rxc3 51. Rb7 $2 (51. Ra1) 51... Kg5 {White must now prevent ...Re3+. Black is clearly winning.} 52. Nxb5 Bxb5 53. Rxb5 {KR-KR} Re3+ 54. Kd4 Re8 55. Rd5 Kg4 56. b5 f4 57. Rd6 g5 58. b6 f3 59. Rf6 Kg3 {Weighted Error Value: White=0.59/Black=0.19 (very precise)} 0-1

[Event "Kezmarok Chess Open 2022"]
[Site "Kezmarok"]
[Date "2022.09.24"]
[Round "1.10"]
[White "Walter, Ema"]
[Black "Smetana, Peter"]
[Result "1/2-1/2"]
[ECO "B54"]
[WhiteElo "2062"]
[BlackElo "1715"]
[Annotator "TA"]
[PlyCount "57"]
[EventDate "2022.09.24"]
[EventType "swiss"]
[EventCountry "SVK"]
[SourceTitle "playchess.com"]
[Source "ChessBase"]
[SourceQuality "1"]
[TimeControl "40/5400+30:1800+30"]

1. e4 c5 2. Nf3 d6 3. d4 cxd4 4. Nxd4 Nc6 5. Nc3 e5 6. Nf3 Be7 7. Be2 Nf6 8. Bg5 {[%emt 0:02:23] B58: Classical Sicilian: 6 Be2.} a6 9. Qd2 O-O 10. Rd1 {[%emt 0:23:20] [#] White has an edge.} Ne8 $146 ({Predecessor:} 10... Bg4 11. Bxf6 gxf6 12. Nd5 Bxf3 13. Bxf3 Nd4 14. Bg4 f5 15. exf5 Bg5 16. Ne3 Qf6 {1-0 (46) Fernandez Ponce,L (2053)-Ronderos Gonzalez,J Gijon 2003}) 11. Bxe7 Qxe7 12. Nd5 Qd8 13. O-O Be6 14. c4 Rc8 15. Rfe1 Bxd5 16. exd5 Ne7 {[%emt 0:01:43] [#]} 17. Nxe5 $1 dxe5 18. d6 Nf6 {[%emt 0:00:33] aiming for ...Nc6.} 19. dxe7 Qxe7 20. Qd6 Qxd6 {[%emt 0:01:51] The position is equal.} 21. Rxd6 Rfd8 22. Red1 Rxd6 23. Rxd6 $11 {[%emt 0:00:02][%mdl 4096] Endgame KRB-KRN} Kf8 24. f3 Ke7 25. Rb6 Rc7 26. Kf2 Nd7 27. Rb3 f6 28. Re3 Ke6 29. f4 {[%emt 0:01:48] Weighted Error Value: White=0.06 (flawless) /Black=0.07 (flawless)} 1/2-1/2

[Event "Kezmarok Chess Open 2022"]
[Site "Kezmarok"]
[Date "2022.09.24"]
[Round "1.11"]
[White "Juracak, David"]
[Black "Sosovickova, Jana"]
[Result "1/2-1/2"]
[ECO "D47"]
[WhiteElo "1708"]
[BlackElo "2039"]
[Annotator "TA"]
[PlyCount "54"]
[EventDate "2022.09.24"]
[EventType "swiss"]
[EventCountry "SVK"]
[SourceTitle "playchess.com"]
[Source "ChessBase"]
[SourceQuality "1"]
[TimeControl "40/5400+30:1800+30"]

1. d4 d5 2. c4 e6 3. Nf3 Nf6 4. Nc3 c6 5. e3 Nbd7 6. Bd3 dxc4 7. Bxc4 b5 8. Bd3 Be7 9. O-O O-O {[%emt 0:00:56] D47: Semi-Slav: Meran System.} 10. b3 (10. e4 $14) 10... Bb7 $11 11. Bb2 a6 {[%emt 0:07:07] The position is equal.} 12. Ne4 Nxe4 13. Bxe4 Nf6 14. Bd3 {[%emt 0:02:11] [#]} Nd5 $146 ({Predecessor:} 14... Rc8 15. Be2 Qb6 16. Rc1 Rfd8 17. Qe1 Ne4 18. Ne5 c5 19. f3 Nf6 20. Bc3 cxd4 21. Bxd4 Qd6 22. Rxc8 Rxc8 {1-0 (32) Sefeloge,M (1846)-Roediger,T (2035) Wiesbaden 2016}) 15. Rc1 Rc8 16. Bb1 (16. Ne5 {seems wilder.} c5 17. Qf3 cxd4 18. Qe4) 16... g6 (16... Nf6 $1 $11 {keeps the balance.}) 17. Re1 (17. Ne5 $16) 17... Bf6 (17... Nb6 $11 {remains equal.}) 18. Re2 (18. e4 $16 Nb6 19. Bc3) 18... a5 ({Black should play} 18... c5 $11) 19. Nd2 Qb6 (19... c5 $14) 20. Ne4 $16 {[%emt 0:02:46] White is better.} Be7 21. Nc5 Rfd8 {[%emt 0:00:41][%cal Od5e3] Prevents Nd7.} 22. Rd2 Bf8 23. Qf3 Bg7 24. Be4 Rc7 25. Rdd1 Rdc8 26. h4 Nf6 {[%emt 0:01:30] Prevents h5.} 27. Bb1 {[%emt 0:01:26] White has more active pieces.} Rd8 $2 {[%emt 0:01:12][%mdl 32768] Weighted Error Value: White=0.19 (very precise) /Black=0.24 (precise) . An unexpected result.} (27... Qa7 $16) 1/2-1/2